| TOP OF THE 1ST |
|
Idaho Falls Spuds batting - Pitching for Minot Jets : LHP Allan Anderson
|
|
Pitching: LHP Allan Anderson
|
|
|
Batting: RHB Ken Williams
|
0-0: Ground out 2-3 (Groundball, 13S, EV 70.6 MPH)
|
|
Batting: RHB Reginald Mosley
|
0-0: Called Strike 0-1: SINGLE (Groundball, 6MD, EV 103.1 MPH)
|
|
Batting: RHB Gregory Key
|
0-0: Ball 1-0: Swinging Strike 1-1: Foul Ball, location: 2F 1-2: Strikes out swinging
|
|
Batting: RHB Billie Merrifield
|
0-0: Called Strike 0-1: Ball 1-1: Ball Reginald Mosley steals 2nd base (no throw) 2-1: DOUBLE (Flyball, 7LD, EV 108.1 MPH) Reginald Mosley scores
|
|
Batting: RHB Jeffry Dinkel
|
0-0: Called Strike 0-1: Called Strike 0-2: Ball 1-2: Ball 2-2: Ball 3-2: Base on Balls
|
|
Batting: RHB Tony Porras
|
0-0: Ball 1-0: Swinging Strike 1-1: Ball 2-1: Foul Ball, location: 2F 2-2: Fly out, F5 (Popup, 25, EV 76.9 MPH)
|
| Top of the 1st over - 1 run, 2 hits, 0 errors, 2 left on base; Idaho Falls 1 - Minot 0 |
| BOTTOM OF THE 1ST |
|
Minot Jets batting - Pitching for Idaho Falls Spuds : RHP Christopher Ray
|
|
Pitching: RHP Christopher Ray
|
|
|
Batting: LHB Theodore Milner
|
0-0: Ball 1-0: Ball 2-0: Called Strike 2-1: Ball 3-1: Called Strike 3-2: Foul Ball, location: 2F 3-2: Base on Balls
|
|
Batting: SHB William Eiland
|
0-0: Ball 1-0: Called Strike Theodore Milner steals 2nd base 1-1: Swinging Strike 1-2: Fly out, F8 (Line Drive, 8LD, EV 88.8 MPH)
|
|
Batting: LHB Douglas Reibel
|
0-0: Called Strike 0-1: Ball 1-1: DOUBLE (Flyball, 78D, EV 90.0 MPH) Theodore Milner scores
|
|
Batting: RHB Troy Afenir
|
0-0: Ground out 5-3 (Groundball, 56, EV 110.0 MPH)
|
|
Batting: RHB George Vogel
|
0-0: Ball 1-0: Fly out, F8 (Line Drive, 8LD, EV 91.9 MPH)
|
| Bottom of the 1st over - 1 run, 1 hit, 0 errors, 1 left on base; Idaho Falls 1 - Minot 1 |
| TOP OF THE 2ND |
|
Idaho Falls Spuds batting - Pitching for Minot Jets : LHP Allan Anderson
|
|
Batting: RHB Brian Dorsett
|
0-0: Ball 1-0: Ball 2-0: Foul Ball, location: 2F 2-1: Called Strike 2-2: Fly out, F2 (Popup, 2LF, EV 86.9 MPH)
|
|
Batting: LHB Jeffrey Greene
|
0-0: Called Strike 0-1: Ball 1-1: Ball 2-1: Ball 3-1: Swinging Strike 3-2: Foul Ball, location: 2F 3-2: Strikes out looking
|
|
Batting: RHB Juan Barajas
|
0-0: Ball 1-0: Foul Ball, location: 2F 1-1: Swinging Strike 1-2: Ball 2-2: SINGLE (Groundball, 6MD, EV 96.3 MPH)
|
|
Batting: RHB Ken Williams
|
0-0: Ball 1-0: Fielders Choice at 2nd, 5-4 (Groundball, 5, EV 88.1 MPH)
|
| Top of the 2nd over - 0 runs, 1 hit, 0 errors, 1 left on base; Idaho Falls 1 - Minot 1 |
| BOTTOM OF THE 2ND |
|
Minot Jets batting - Pitching for Idaho Falls Spuds : RHP Christopher Ray
|
|
Batting: RHB Roberto Balaguer
|
0-0: Fly out, F3 (Popup, 3F, EV 83.1 MPH)
|
|
Batting: RHB William Phillips
|
0-0: Called Strike 0-1: Ball 1-1: Ball 2-1: Foul Ball, location: 2F 2-2: Foul Ball, location: 2F 2-2: Foul Ball, location: 2F 2-2: Ball 3-2: Foul Ball, location: 2F 3-2: Base on Balls
|
|
Batting: RHB Jesus Aybar
|
0-0: Called Strike 0-1: Foul Ball, location: 2F 0-2: Grounds into double play, 6-4-3 (Groundball, 6, EV 111.3 MPH)
|
| Bottom of the 2nd over - 0 runs, 0 hits, 0 errors, 0 left on base; Idaho Falls 1 - Minot 1 |
| TOP OF THE 3RD |
|
Idaho Falls Spuds batting - Pitching for Minot Jets : LHP Allan Anderson
|
|
Batting: RHB Reginald Mosley
|
0-0: Swinging Strike 0-1: Ball 1-1: Called Strike 1-2: Fly out, F8 (Flyball, 8LM, EV 85.6 MPH)
|
|
Batting: RHB Gregory Key
|
0-0: Fly out, F8 (Flyball, 89XD, EV 86.3 MPH)
|
|
Batting: RHB Billie Merrifield
|
0-0: Called Strike 0-1: Foul Ball, location: 2F 0-2: Fly out, F8 (Line Drive, 8LM, EV 93.1 MPH)
|
| Top of the 3rd over - 0 runs, 0 hits, 0 errors, 0 left on base; Idaho Falls 1 - Minot 1 |
| BOTTOM OF THE 3RD |
|
Minot Jets batting - Pitching for Idaho Falls Spuds : RHP Christopher Ray
|
|
Batting: RHB Hugo Olivas
|
0-0: Called Strike 0-1: Ball 1-1: Called Strike 1-2: Ground out 5-3 (Groundball, 56, EV 112.5 MPH)
|
|
Batting: LHB Theodore Milner
|
0-0: Ball 1-0: Ball 2-0: Ball 3-0: Base on Balls
|
|
Batting: SHB William Eiland
|
0-0: Called Strike 0-1: Ball 1-1: Ball 2-1: Foul Ball, location: 2F 2-2: Strikes out swinging Theodore Milner steals 2nd base Batter strikes out.
|
|
Batting: LHB Douglas Reibel
|
0-0: Called Strike 0-1: Ball 1-1: Ball 2-1: Called Strike 2-2: Ball 3-2: Fly out, F5 (Popup, 5SF, EV 86.9 MPH)
|
| Bottom of the 3rd over - 0 runs, 0 hits, 0 errors, 1 left on base; Idaho Falls 1 - Minot 1 |
| TOP OF THE 4TH |
|
Idaho Falls Spuds batting - Pitching for Minot Jets : LHP Allan Anderson
|
|
Batting: RHB Jeffry Dinkel
|
0-0: Called Strike 0-1: Called Strike 0-2: Ball 1-2: Ball 2-2: Ball 3-2: Strikes out swinging
|
|
Batting: RHB Tony Porras
|
0-0: Ball 1-0: Ball 2-0: Fly out, F9 (Line Drive, 9, EV 91.3 MPH)
|
|
Batting: RHB Brian Dorsett
|
0-0: Ball 1-0: Ground out 3-1 (Groundball, 34S, EV 83.1 MPH)
|
| Top of the 4th over - 0 runs, 0 hits, 0 errors, 0 left on base; Idaho Falls 1 - Minot 1 |
| BOTTOM OF THE 4TH |
|
Minot Jets batting - Pitching for Idaho Falls Spuds : RHP Christopher Ray
|
|
Batting: RHB Troy Afenir
|
0-0: Ball 1-0: Called Strike 1-1: SINGLE (Line Drive, 89S, EV 103.8 MPH)
|
|
Batting: RHB George Vogel
|
0-0: Called Strike 0-1: Called Strike 0-2: Ball 1-2: Ground out 5-3 (Groundball, 56S, EV 73.8 MPH) Troy Afenir to second
|
|
Batting: RHB Roberto Balaguer
|
0-0: Ball 1-0: Called Strike 1-1: Ball 2-1: Ball 3-1: Base on Balls
|
|
Batting: RHB William Phillips
|
0-0: Fly out, F6 (Popup, 4MD, EV 46.9 MPH)
|
|
Batting: RHB Jesus Aybar
|
0-0: Ball 1-0: Ground out U3 (Groundball, 34, EV 101.3 MPH)
|
| Bottom of the 4th over - 0 runs, 1 hit, 0 errors, 2 left on base; Idaho Falls 1 - Minot 1 |
| TOP OF THE 5TH |
|
Idaho Falls Spuds batting - Pitching for Minot Jets : LHP Allan Anderson
|
|
Batting: LHB Jeffrey Greene
|
0-0: Ball 1-0: Ball 2-0: Ball 3-0: Base on Balls
|
|
Batting: RHB Juan Barajas
|
0-0: Bunt missed! 0-1: Sac Bunt to 15S - play at first, batter OUT! 1-4 Jeffrey Greene to second
|
|
Batting: RHB Ken Williams
|
0-0: Called Strike 0-1: Ball 1-1: Called Strike 1-2: Foul Ball, location: 2F 1-2: Ball 2-2: Ball 3-2: Fly out, F8 (Flyball, 8RM, EV 76.3 MPH)
|
|
Batting: RHB Reginald Mosley
|
0-0: Ball 1-0: SINGLE (Groundball, 25, EV 68.1 MPH) (infield hit) Jeffrey Greene to third
|
|
Batting: RHB Gregory Key
|
0-0: Called Strike 0-1: Ball 1-1: Swinging Strike 1-2: Ball 2-2: Foul Ball, location: 2F 2-2: Ball 3-2: Strikes out looking
|
| Top of the 5th over - 0 runs, 1 hit, 0 errors, 2 left on base; Idaho Falls 1 - Minot 1 |
| BOTTOM OF THE 5TH |
|
Minot Jets batting - Pitching for Idaho Falls Spuds : RHP Christopher Ray
|
|
Batting: RHB Hugo Olivas
|
0-0: Foul Ball, location: 2F 0-1: DOUBLE (Flyball, 78D, EV 102.5 MPH)
|
|
Batting: LHB Theodore Milner
|
0-0: Ball 1-0: Foul Ball, location: 2F 1-1: Fly out, F8 (Flyball, 8RXD, EV 99.4 MPH) Runner from 2nd tags up, SAFE at 3rd, no throw by CF
|
|
Batting: SHB William Eiland
|
0-0: Ball 1-0: Fly out, F4 (Line Drive, 4, EV 65.6 MPH)
|
|
Batting: LHB Douglas Reibel
|
0-0: Swinging Strike 0-1: Ball 1-1: Swinging Strike 1-2: Ball 2-2: Ball 3-2: Base on Balls
|
|
Batting: RHB Troy Afenir
|
0-0: Called Strike 0-1: Ball 1-1: Foul Ball, location: 2F 1-2: 3-RUN HOME RUN (Flyball, 7D, EV 108.1 MPH), Distance : 385 ft
|
|
Batting: RHB George Vogel
|
0-0: Ground out U3 (Groundball, 3S, EV 83.8 MPH)
|
| Bottom of the 5th over - 3 runs, 2 hits, 0 errors, 0 left on base; Idaho Falls 1 - Minot 4 |
| TOP OF THE 6TH |
|
Idaho Falls Spuds batting - Pitching for Minot Jets : LHP Allan Anderson
|
|
Batting: RHB Billie Merrifield
|
0-0: Ball 1-0: Hit by Pitch
|
|
Batting: RHB Jeffry Dinkel
|
0-0: Called Strike 0-1: Foul Ball, location: 2F 0-2: Strikes out swinging
|
|
Batting: RHB Tony Porras
|
0-0: Foul Ball, location: 2F 0-1: Ball 1-1: Swinging Strike 1-2: Ball 2-2: Strikes out swinging
|
|
Batting: RHB Brian Dorsett
|
0-0: Ball 1-0: Called Strike 1-1: Foul Ball, location: 2F 1-2: Ball 2-2: Fly out, F9 (Flyball, 9, EV 93.8 MPH)
|
| Top of the 6th over - 0 runs, 0 hits, 0 errors, 1 left on base; Idaho Falls 1 - Minot 4 |
| BOTTOM OF THE 6TH |
|
Minot Jets batting - Pitching for Idaho Falls Spuds : RHP Christopher Ray
|
|
Batting: RHB Roberto Balaguer
|
0-0: Ball 1-0: Called Strike 1-1: Ball 2-1: Ball 3-1: Foul Ball, location: 2F 3-2: Ground out 6-3 (Groundball, 6S, EV 86.3 MPH)
|
|
Batting: RHB William Phillips
|
0-0: Ball 1-0: Called Strike 1-1: Ground out 6-3 (Groundball, 56, EV 82.5 MPH)
|
|
Batting: RHB Jesus Aybar
|
0-0: Ball 1-0: Ball 2-0: Fly out, F4 (Popup, 4D, EV 51.3 MPH)
|
| Bottom of the 6th over - 0 runs, 0 hits, 0 errors, 0 left on base; Idaho Falls 1 - Minot 4 |
| TOP OF THE 7TH |
|
Idaho Falls Spuds batting - Pitching for Minot Jets : LHP Allan Anderson
|
|
Batting: LHB Jeffrey Greene
|
0-0: Fly out, F4 (Flyball, 34D, EV 90.0 MPH)
|
|
Batting: RHB Juan Barajas
|
0-0: Single, Error in OF, E8, batter to second base (Groundball, 6D, EV 98.1 MPH)
|
|
Batting: RHB Ken Williams
|
0-0: Called Strike 0-1: Ball 1-1: Ball 2-1: SINGLE (Line Drive, 78M, EV 100.6 MPH) Juan Barajas to third Runner from 3rd tries for Home, SAFE, throw by CF to home
|
|
Batting: RHB Reginald Mosley
|
0-0: Called Strike Ken Williams steals 2nd base 0-1: Ball 1-1: Ball 2-1: Ground out 5-3 (Groundball, 56D, EV 101.3 MPH)
|
|
Batting: RHB Gregory Key
|
0-0: Called Strike 0-1: Ball 1-1: Ball 2-1: TRIPLE (Flyball, 78XD, EV 90.0 MPH) Ken Williams scores
|
|
Batting: RHB Billie Merrifield
|
0-0: Foul Ball, location: 2F 0-1: Swinging Strike 0-2: Reached on error, E3 (Groundball, 13, EV 83.8 MPH) Gregory Key scores
|
|
Batting: RHB Jeffry Dinkel
|
0-0: Called Strike 0-1: Ball 1-1: Ball 2-1: Ball 3-1: Foul Ball, location: 2F 3-2: Foul Ball, location: 2F 3-2: Base on Balls
|
|
Batting: RHB Tony Porras
|
0-0: Swinging Strike 0-1: Fly out, F8 (Line Drive, 8RD, EV 100.6 MPH)
|
| Top of the 7th over - 3 runs, 3 hits, 2 errors, 2 left on base; Idaho Falls 4 - Minot 4 |
| BOTTOM OF THE 7TH |
|
Minot Jets batting - Pitching for Idaho Falls Spuds : RHP Christopher Ray
|
|
Pitching: LHP Mark Roberts
|
|
|
Batting: RHB Hugo Olivas
|
0-0: Fly out, F5 (Popup, 5L, EV 60.6 MPH)
|
|
Batting: LHB Theodore Milner
|
0-0: Ball 1-0: Called Strike 1-1: Ball 2-1: Called Strike 2-2: TRIPLE (Flyball, 78XD, EV 85.0 MPH)
|
|
Batting: SHB William Eiland
|
0-0: Called Strike 0-1: Ball 1-1: Foul Ball, location: 2F 1-2: Ball 2-2: Fly out, F9 (Flyball, 9, EV 89.4 MPH)
|
|
Batting: LHB Douglas Reibel
|
0-0: Ball 1-0: Ball 2-0: Ball 3-0: Called Strike 3-1: Base on Balls
|
|
Batting: RHB Troy Afenir
|
0-0: Ball 1-0: Called Strike 1-1: Swinging Strike 1-2: Fly out, F8 (Flyball, 8RM, EV 92.5 MPH)
|
| Bottom of the 7th over - 0 runs, 1 hit, 0 errors, 2 left on base; Idaho Falls 4 - Minot 4 |
| TOP OF THE 8TH |
|
Idaho Falls Spuds batting - Pitching for Minot Jets : LHP Allan Anderson
|
|
Batting: RHB Brian Dorsett
|
0-0: Called Strike 0-1: Fly out, F8 (Flyball, 8RD, EV 103.8 MPH)
|
|
Batting: LHB Jeffrey Greene
|
0-0: Ball 1-0: Foul Ball, location: 2F 1-1: Fly out, F8 (Line Drive, 8RD, EV 86.3 MPH)
|
|
Batting: RHB Juan Barajas
|
0-0: Ball 1-0: Ball 2-0: Fly out, F8 (Flyball, 78M, EV 92.5 MPH)
|
| Top of the 8th over - 0 runs, 0 hits, 0 errors, 0 left on base; Idaho Falls 4 - Minot 4 |
| BOTTOM OF THE 8TH |
|
Minot Jets batting - Pitching for Idaho Falls Spuds : LHP Mark Roberts
|
|
Batting: RHB George Vogel
|
0-0: Ball 1-0: Ball 2-0: Ball 3-0: Called Strike 3-1: Base on Balls
|
|
Batting: RHB Roberto Balaguer
|
0-0: Ball 1-0: Ball 2-0: Called Strike 2-1: Ball 3-1: Base on Balls George Vogel to second
|
|
Batting: RHB William Phillips
|
0-0: SINGLE (Groundball, 5S, EV 63.8 MPH) (infield hit) George Vogel to third Roberto Balaguer to second
|
|
Batting: RHB Jesus Aybar
|
0-0: SINGLE (Line Drive, 56D, EV 95.6 MPH) George Vogel scores Roberto Balaguer to third William Phillips to second
|
|
Batting: RHB Hugo Olivas
|
0-0: Called Strike 0-1: Foul Ball, location: 2F 0-2: Grounds into fielders choice 6-2 (Groundball, P, EV 81.3 MPH) William Phillips to third Jesus Aybar to second
|
|
Batting: LHB Theodore Milner
|
0-0: Foul Ball, location: 2F 0-1: Called Strike 0-2: Foul Ball, location: 2F 0-2: Fly out, F8 (Line Drive, 8RD, EV 94.4 MPH) Runner from 3rd tags up, SCORES, no throw by CF
|
|
Batting: SHB William Eiland
|
0-0: Foul Ball, location: 2F 0-1: Ball 1-1: Ball Wild Pitch! Jesus Aybar to third Hugo Olivas to second 2-1: Ground out U3 (Groundball, 34, EV 85.6 MPH)
|
| Bottom of the 8th over - 2 runs, 2 hits, 0 errors, 2 left on base; Idaho Falls 4 - Minot 6 |
| TOP OF THE 9TH |
|
Idaho Falls Spuds batting - Pitching for Minot Jets : LHP Allan Anderson
|
|
Pitching: RHP Danny Ontiveros
|
|
|
Now at 1B: Anthony Garcia
|
|
|
Now in CF: Davy Perkins
|
|
|
Batting: RHB Ken Williams
|
0-0: Ball 1-0: Foul Ball, location: 2F 1-1: Called Strike 1-2: Foul Ball, location: 2F 1-2: Strikes out swinging
|
|
Batting: RHB Reginald Mosley
|
0-0: Swinging Strike 0-1: Ball 1-1: Called Strike 1-2: Ball 2-2: Ball 3-2: Ground out 6-3 (Groundball, 56, EV 101.3 MPH)
|
|
Batting: RHB Gregory Key
|
0-0: Ball 1-0: Fly out, F8 (Flyball, 8LS, EV 87.5 MPH)
|
| Top of the 9th over - 0 runs, 0 hits, 0 errors, 0 left on base; Idaho Falls 4 - Minot 6 |
|